AoeStats
← Yoloboy

Runestones

508214348Analyzed
1v1 RM · 11d ago on Sep 21, 2026· 60m 17s· 2 players
Game mode
Random Map
Map size
Tiny (2 player)
Population
200
Speed
Normal
Resources
Standard
Victory
Conquest
Starting age
Dark Age
Ending age
Imperial Age
RankedLock teamsTeams togetherTeam positionsShared explorationLock speedFull tech treeHidden civsTurbo modeCheats
Victory
Defeat
🇫🇮 Japanese · Finland
1777
+13
🇳🇱 Koreans · Netherlands
1702
-13
Yoloboy
9:30 Loom
11:16 Feudal Age
15:49 Castle Age
17:41 Fletching
31:22 Town Watch
31:56 Bodkin Arrow
44:39 Imperial Age
44:46 Herbal Medicine
45:38 Double-Bit Axe
52:24 Bracer
58:42 Ballistics
59:22 Gold Mining
59:22 Horse Collar
King-Arthur
6:12 Loom
8:30 Feudal Age
8:45 Man-at-Arms
10:19 Double-Bit Axe
11:54 Arson
19:46 Castle Age
17:40 Horse Collar
19:06 Fletching
19:16 Padded Archer Armor
20:51 Bodkin Arrow
22:12 Wheelbarrow
22:58 Elite Skirmisher
31:28 Town Watch
44:33 Imperial Age
43:15 Leather Archer Armor
44:14 Thumb Ring
45:13 Ballistics
45:16 Bracer
48:52 Hand Cart
49:46 Ring Archer Armor
50:51 Chemistry
56:38 Light Cavalry
57:28 Bloodlines
57:18 Husbandry
57:56 Scale Barding Armor
58:01 Forging
59:31 Chain Barding Armor
60:05 Conscription
60:41 Iron Casting
Connection lost

Rejoining the realm…

Still unreachable

The connection could not be restored.

Session expired

The server has moved on; the page needs a fresh start.